 Dungeon Crawl Stone Soup version 0.27-a0-931-g5a74e75d8f (webtiles) character file.

Game seed: 16878077264545233477

235 Alarkh the Insei (level 5, -1/40 (42) HPs)
             Began as a Demonspawn Gladiator on Apr 10, 2021.
             Slain by a wight
             ... wielding a +3 mace
              (8 damage)
             ... on level 4 of the Dungeon.
             The game lasted 00:05:18 (4209 turns).

Alarkh the Insei (Demonspawn Gladiator)             Turns: 4209, Time: 00:05:18

HP:   -1/40 (42)    AC:  3    Str: 14    XL:     5   Next: 76%
MP:   5/5           EV: 12    Int: 11    God:
Gold: 137           SH:  0    Dex: 14    Spells: 4/4 levels left

rFire    . . .     SeeInvis .     - Unarmed
rCold    . . .     Faith    .   (no shield)
rNeg     . . .     Spirit   .   a - +0 leather armour
rPois    .         Reflect  .   (helmet restricted)
rElec    .         Harm     .   (no cloak)
rCorr    .         Rampage  .   (no gloves)
Will     .....                  (no boots)
Stlth    +.........             (no amulet)
HPRegen  0.13/turn              (no ring)
MPRegen  0.09/turn              (no ring)

@: lightly drained
A: horns 1, powered by death 1
a: no special abilities


You were on level 4 of the Dungeon.
You visited 1 branch of the dungeon, and saw 4 of its levels.

You collected 137 gold pieces.

Inventory:

Missiles
 c - 3 throwing nets (quivered)
 h - 43 poisoned darts
Armour
 a - a +0 leather armour (worn)
 b - a +0 helmet
Magical Staves
 j - a staff of air
Scrolls
 e - a scroll of fear {unknown}
 f - a scroll of noise {unknown}
 g - a scroll of brand weapon {unknown}
 l - a scroll of magic mapping {unknown}
 r - a scroll of identify
Potions
 d - a potion of curing
 i - 2 potions of brilliance


   Skills:
 + Level 3.7 Fighting
 - Level 1.7 Throwing
 - Level 2.6 Dodging
 * Level 5.1 Unarmed Combat


You had 4 spell levels left.
You didn't know any spells.
Your spell library contained the following spells:

 Spells                   Type           Power      Damage    Failure   Level
 Confusing Touch          Hex            0%         N/A       80%         3
 Gell's Gravitas          Tloc           0%         N/A       80%         3
 Petrify                  Tmut/Erth      0%         N/A       99%         4
 Metabolic Englaciation   Hex/Ice        0%         N/A       100%        5
 Yara's Violent Unravell  Hex/Tmut       0%         3d3       100%        5


Dungeon Overview and Level Annotations

Branches:
Dungeon (4/15)
 Temple: D:4-7

Altars:
Qazlal
Ru

Shops:
D:3 [


Innate Abilities, Weirdness & Mutations

You have a pair of small horns on your head.
You regenerate a little health from kills.


Message History

The wight hits you with a +3 mace!
You barely miss the wight.
The wight is moderately damaged.
The wight misses you.
You hit the wight. Your headbutt misses the wight. You punch the wight.
The wight is severely damaged.
The wight hits you from afar with a +0 spear.
You hit the wight. You punch the wight, but do no damage.
The wight is severely damaged.
The wight hits you with a +3 mace.
You feel drained.
The wight hits you from afar with a +0 spear.
You feel drained.
* * * LOW HITPOINT WARNING * * *
You are too injured to fight recklessly!
You are too injured to fight recklessly!
You closely miss the wight.
The wight is severely damaged.
The wight barely misses you. The wight closely misses you.
You hit the wight.
You headbutt the wight, but do no damage.
The wight is almost destroyed.
The wight barely misses you. x2
You hit the wight.
The wight is almost destroyed.
The wight misses you.
The wight hits you from afar with a +0 spear!
* * * LOW HITPOINT WARNING * * *
You closely miss the wight.
The wight is almost destroyed.
The wight closely misses you. The wight misses you.
You see here a quokka corpse.
The wight throws a stone.
The stone hits you.
* * * LOW HITPOINT WARNING * * *
The wight closely misses you. The quokka closely misses you.
The quokka misses you.
There is a stone staircase leading up here.
The quokka barely misses you. The quokka misses you.
The wight hits you with a +3 mace!
You die...

##+####### .# .........# .#
##.... .........## #.#
#..... ..........#
#.##.##..... #..#
.......@r.# #.##.##.....
#..#
###+###z#.###.##.##.....
#..###
#.>..............##.....
#..#.#
#...###.z........##.....
#..#.# #...# #.#.##..##.# #+
#..#.###...#####z##..##.# #.
###..#.#................#.#
#.
.......†......####.###...###
#. ###....#.#....##
#.#E#...#E#####.


You could see 3 wights and a quokka.

Vanquished Creatures
  2 orc priests
  Terence (D:2)
  4 gnolls
  3 adders
  4 worms
  A dart slug (D:2)
  6 orcs
  7 endoplasms
  3 giant cockroaches
  7 goblins
  6 hobgoblins
  8 jackals (D:2)
  4 kobolds
  A quokka (D:4)
  2 ball pythons
  6 bats
  A frilled lizard (D:1)
  2 rats (D:1)
68 creatures vanquished.

Notes
Turn   | Place    | Note
-------+----------+-------------------------------------------
     0 | D:1      | Alarkh the Demonspawn Gladiator began the quest for the
                  | Orb.
     0 | D:1      | Reached XP level 1. HP: 16/16 MP: 1/1
   239 | D:1      | Reached skill level 3 in Unarmed Combat
   255 | D:1      | Found a faded altar of an unknown god.
   259 | D:1      | Gained mutation: You regenerate a little health from kills.
                  | [demonic ancestry]
   259 | D:1      | Reached XP level 2. HP: 20/22 MP: 2/2
   682 | D:2      | Noticed Terence
  1458 | D:2      | Reached XP level 3. HP: 26/28 MP: 3/3
  2259 | D:2      | Killed Terence
  2260 | D:2      | Reached skill level 4 in Unarmed Combat
  2260 | D:2      | Reached XP level 4. HP: 34/34 MP: 4/4
  2330 | D:2      | Found a sacrificial altar of Ru.
  3207 | D:3      | Found Vir Jiett's Armour Shop.
  3261 | D:1      | Gained mutation: You have a pair of small horns on your
                  | head. [demonic ancestry]
  3261 | D:1      | Reached XP level 5. HP: 26/41 MP: 5/5
  3953 | D:4      | Noticed a water elemental
  3956 | D:4      | Found a stormy altar of Qazlal.
  3959 | D:4      | Noticed an air elemental
  3960 | D:4      | Noticed a fire elemental
  3992 | D:3      | Reached skill level 5 in Unarmed Combat
  4172 | D:4      | HP: 2/40 [wight/stone (4)]
  4209 | D:4      | Slain by a wight

Illustrated notes

Levels and vault maps discovered:
D:1:      psy_arrival_radial01, layout_basic, chequers_ecumenical_altar_simple,
          kennysheep_decorative_pillar
D:2:      layout_basic, basic_altar, kennysheep_generic_room_3, uniq_terence
D:3:      layout_loops_cross, serial_shops, shop_statue
D:4:      layout_basic, nicolae_qazlal_style_of_elements,
          gammafunk_temple_overflow_elements

Skill      XL: |  1  2  3  4  5 |
---------------+----------------+-----
Unarmed Combat | 3 4 5 |  5.1
Fighting       | 3 |  3.7
Throwing       | |  1.7
Dodging        | |  2.6

Action                   |  1- 3 |  4- 6 || total
-------------------------+-------+-------++-------
Melee: Unarmed           |   153 |   146 ||   299
       Punch             |     3 |     7 ||    10
       Headbutt          |       |    15 ||    15
  Use: Scroll            |     1 |       ||     1
       Potion            |     3 |     1 ||     4
 Stab: Sleeping          |     2 |       ||     2
Armor: Leather armour    |    24 |    29 ||    53
       Skin              |     5 |       ||     5
Dodge: Dodged            |    98 |   108 ||   206

Table legend: (Time is in decaauts)
 A = Elapsed time spent in this place.
 B = Non-inter-level travel time spent in this place.
 C = Inter-level travel time spent in this place.
 D = Time resting spent in this place.
 E = Time spent auto-exploring this place.
 F = Levels seen in this place.
 G = Mean time per level.
                   A        B        C        D        E       F      G
               +--------+--------+--------+--------+--------+-----+--------+
         Total |   4201 |   4027 |    174 |   1339 |   1900 |   4 | 1050.2 |
       Dungeon |   4201 |   4027 |    174 |   1339 |   1900 |   4 | 1050.2 |
               +--------+--------+--------+--------+--------+-----+--------+

Top non-repeatable levels by time:
     D:1: 1564 daAuts
     D:2: 1302 daAuts
     D:3: 805 daAuts
     D:4: 529 daAuts
